 Dungeon Crawl Stone Soup version 0.22-a0-448-g1fb7470 (webtiles) character file.

998 suicidejoker the Skirmisher (level 8, -3/76 HPs)
             Began as a Gargoyle Fighter on June 5, 2018.
             Was an Initiate of Gozag.
             Slain by an unseen horror (7 damage)
             ... on level 5 of the Dungeon.
             The game lasted 00:12:13 (3978 turns).

suicidejoker the Skirmisher (Gargoyle Fighter)      Turns: 3978, Time: 00:12:14

Health: -3/76      AC: 24    Str: 20    XL:     8   Next: 19%
Magic:  9/9        EV:  2    Int:  9    God:    Gozag
Gold:   469        SH:  9    Dex: 11    Spells: 7/9 levels left

rFire    . . .     SeeInvis .   a - +0 long sword
rCold    . . .     Gourm    .   c - +0 shield
rNeg     + + +     Faith    .   (armour currently unavailable)
rPois    ∞         Spirit   .   (helmet currently unavailable)
rElec    .         Reflect  .   (cloak currently unavailable)
rCorr    .         Harm     .   (gloves currently unavailable)
MR       .....     NoTele   +   (boots currently unavailable)
Stlth    +++.......             (no amulet)
HPRegen  0.22/turn              e - +6 ring of evasion
MPRegen  0.11/turn              q - ring of positive energy

@: tree-form (expiring)
A: negative energy resistance 1, petrification resistance, rot immunity, AC +5
a: Potion Petition, Call Merchant, Bribe Branch, Renounce Religion


You were on level 5 of the Dungeon.
You worshipped Gozag.
Gozag was aware of your devotion.
You were not hungry.
You were a tree.
You visited 2 branches of the dungeon, and saw 6 of its levels.

You collected 522 gold pieces.
You paid 53 gold pieces to Gozag.

Inventory:

Hand Weapons
 a - a +0 long sword (weapon)
 h - a +2 dagger of freezing
 n - a +4 dagger
 p - a cursed +0 mace
 y - a +0 hand crossbow
 B - a +0 mace of holy wrath
Missiles
 i - 167 stones (quivered)
 j - 63 sling bullets
 z - 15 poisoned needles
Armour
 c - a +0 shield (worn)
 C - a +0 plate armour (melded)
Jewellery
 b - an uncursed ring of see invisible
 e - a +6 ring of evasion (left branch)
 q - a ring of positive energy (right branch)
 s - an uncursed ring of wizardry
 x - an uncursed ring of flight
Wands
 u - a wand of polymorph (4)
 A - a wand of random effects (31)
Scrolls
 d - 2 scrolls of noise {unknown}
 g - 4 scrolls of teleportation {unknown}
 k - 10 scrolls of identify {unknown}
 m - 2 scrolls of fear {unknown}
 r - a scroll of blinking {unknown}
 t - 3 scrolls of remove curse {unknown}
Potions
 l - 4 potions of curing
 o - a potion of flight
 v - a potion of brilliance
 w - a potion of lignification
Comestibles
 f - 6 rations


   Skills:
 * Level 5.8 Fighting
 * Level 4.2 Long Blades
 + Level 4.7 Armour
 * Level 4.6 Stealth
 + Level 4.5 Shields
 + Level 1.2 Spellcasting
 + Level 1.2 Hexes
 + Level 1.3 Ice Magic
 + Level 1.1 Evocations


You had 7 spell levels left.
You knew the following spells:

 Your Spells              Type           Power        Failure   Level  Hunger
a - Ensorcelled Hibernat  Hex/Ice        #.....       77%         2    ###....

Your spell library contained the following spells:

 Spells                   Type           Power        Failure   Level  Hunger
 Confuse                  Hex            #.......     94%         3    ####...
 Tukima's Dance           Hex            #.......     94%         3    ####...
 Confusing Touch          Hex            #.....       63%         1    ##.....
 Metabolic Englaciation   Hex/Ice        #.........   100%        5    ######.
 Corona                   Hex            #......      63%         1    ##.....
 Petrify                  Tmut/Erth      #.......     100%        4    #####..
 Dazzling Spray           Conj/Hex       #.....       97%         3    ####...
 Gell's Gravitas          Tloc           #.........   99%         3    ####...
 Yara's Violent Unravell  Hex/Tmut       #.........   100%        5    ######.


Dungeon Overview and Level Annotations

Branches:
Dungeon (5/15)             Temple (1/1) D:4

Altars:
Ashenzari
Cheibriados
Gozag
Kikubaaqudgha
Nemelex Xobeh
Qazlal
Ru
Sif Muna
Uskayaw
Vehumet
Wu Jian
Zin
The Shining One


Innate Abilities, Weirdness & Mutations

You are resistant to torment.
((Your stone body is resilient. (AC +5)))
You are immune to poison.
You resist negative energy. (rN+)
((You are resistant to electric shocks. (rElec)))
((You can survive without breathing.))
You are immune to petrification.
You are immune to rotting.


Message History

The phantom blinks!
The ball python hisses angrily.
You hit something but do no damage. Something hits you but does no damage.
Something hits you.
* * * LOW HITPOINT WARNING * * *
Something hits you but does no damage.
You barely miss something. Something hits you.
* * * LOW HITPOINT WARNING * * *
You feel better. Something hits you.
* * * LOW HITPOINT WARNING * * *
Something completely misses you.
You closely miss something.
Your transformation is almost over.
Something hits you.
* * * LOW HITPOINT WARNING * * *
Something hits you but does no damage. Something hits you!
* * * LOW HITPOINT WARNING * * *
You hit something. Something hits you!
You die...
Your body crumbles into a pile of gold.

.# .# .#### ...># ###.#
#.# #.##############
#..............#
###.############♣#
....(.# #{# #####.# #J#
#####.# #Z# ...##.# #W#
...##.##########s######
#..##.)......s..S.......
'..#####.##...$.........
#..# .......#.#####..


You could see a phantom, an ooze, a leopard gecko zombie, a giant cockroach and
a ball python.

Vanquished Creatures
  Grinder (D:3)
  A water moccasin (D:5)
  A phantom (D:4)
  A centaur (D:5)
  A crimson imp (D:5)
  4 orc priests
  A hound (D:5)
  2 iguanas (D:4)
  4 orc wizards
  A worker ant (D:5)
  7 adders
  A shadow imp (D:5)
  An adder skeleton (D:5)
  2 worms
  A dart slug (D:2)
  2 leopard geckos
  12 orcs
  5 giant cockroaches
  5 goblins
  9 hobgoblins
  12 jackals
  A quokka (D:4)
  A ball python (D:1)
  8 bats
  8 frilled lizards
  4 kobolds
  11 rats
107 creatures vanquished.

Vanquished Creatures (others)
  2 orc wizards (D:3)
2 creatures vanquished.

Grand Total: 109 creatures vanquished

Notes
Turn   | Place    | Note
-------+----------+-------------------------------------------
     0 | D:1      | suicidejoker the Gargoyle Fighter began the quest for the Orb.
     0 | D:1      | Reached XP level 1. HP: 14/14 MP: 1/1
   203 | D:1      | Reached XP level 2. HP: 19/19 MP: 2/2
   638 | D:2      | Reached XP level 3. HP: 13/24 MP: 3/3
   645 | D:2      | Reached skill level 1 in Stealth
   662 | D:2      | Reached XP level 4. HP: 8/29 MP: 4/4
   909 | D:2      | Reached skill level 4 in Fighting
  1645 | D:3      | Found a radiant altar of Vehumet.
  1646 | D:3      | Found a shattered altar of Ashenzari.
  1688 | D:3      | Noticed Grinder
  1694 | D:3      | Paralysed by Grinder for 3 turns
  1709 | D:3      | Killed Grinder
  1709 | D:3      | Reached XP level 5. HP: 34/34 MP: 5/5
  1709 | D:3      | Reached XP level 6. HP: 40/40 MP: 6/6
  2085 | D:3      | Found a deep blue altar of Sif Muna.
  2421 | D:4      | Noticed a phantom
  2465 | D:4      | Killed a phantom
  2465 | D:4      | Reached skill level 5 in Fighting
  2504 | D:4      | Learned a level 2 spell: Ensorcelled Hibernation
  2508 | D:4      | Found a staircase to the Ecumenical Temple.
  2527 | Temple   | Entered the Ecumenical Temple
  2540 | Temple   | Became a worshipper of Gozag Ym Sagoz the Greedy
  2734 | D:4      | Reached XP level 7. HP: 44/44 MP: 7/7
  3189 | D:5      | Entered Level 5 of the Dungeon
  3465 | D:5      | Found a hide-covered altar of Uskayaw.
  3527 | D:5      | Reached skill level 1 in Spellcasting
  3527 | D:5      | Reached skill level 1 in Ice Magic
  3627 | D:5      | Reached skill level 1 in Evocations
  3722 | D:5      | Reached XP level 8. HP: 49/51 MP: 9/9
  3726 | D:5      | Reached skill level 1 in Hexes
  3978 | D:5      | Slain by an unseen horror

Vault maps used:
D:1:      saegor_arrival_simple_c
D:2:      cheibrodos_pilgrimage
D:3:      led_sif_book, gammafunk_temple_overflow_pools, first_ration,
          uniq_grinder
D:4:      minmay_temple_entry_large_hall
D:5:      kennysheep_mini_moat
Temple:   zaba_magenta_temple

Skill      XL: |  1  2  3  4  5  6  7  8 |
---------------+-------------------------+-----
Long Blades    | 2 3 4 |  4.2
Stealth        | 1 3 4 |  4.6
Fighting       | 4 5 |  5.8
Armour         | 4 |  4.7
Shields        | 4 |  4.5
Spellcasting   | 1 |  1.2
Ice Magic      | 1 |  1.3
Evocations     | 1 |  1.1
Hexes          | 1 |  1.2

Action                   |  1- 3 |  4- 6 |  7- 9 || total
-------------------------+-------+-------+-------++-------
Melee: Dagger            |    81 |   125 |   254 ||   460
       Long sword        |     5 |    54 |     5 ||    64
       Unarmed           |       |     8 |    41 ||    49
Evoke: Wand              |       |     1 |     1 ||     2
  Use: Potion            |     1 |       |     9 ||    10
  Eat: Chunk             |       |     5 |       ||     5
       Ration            |       |       |     2 ||     2
Armor: Scale mail        |    28 |    66 |     7 ||   101
       Skin              |       |     1 |    45 ||    46
       Plate armour      |       |       |   107 ||   107
Dodge: Dodged            |    48 |    91 |    72 ||   211
Block: Shield            |    44 |    79 |   105 ||   228
       Rpst.: Long sword |     1 |    13 |       ||    14

Table legend:
 A = Spawn XP
 B = Non-spawn XP
 C = Spawn XP percentage of total XP
 D = Spawn monster count
 E = Non-spawn monster count
 F = Spawn count percentage of total count
 G = Total turns spent on level
                    A         B        C        D         E        F      G
               +---------+---------+-------+---------+---------+-------+---------
         Total |       0 |    1426 |   0.0 |       0 |     107 |   0.0 |  3978
               +---------+---------+-------+---------+---------+-------+---------
           D:1 |       0 |      26 |   0.0 |       0 |      18 |   0.0 |   615
           D:2 |       0 |      97 |   0.0 |       0 |      21 |   0.0 |   850
           D:3 |       0 |     299 |   0.0 |       0 |      21 |   0.0 |   956
           D:4 |       0 |     346 |   0.0 |       0 |      22 |   0.0 |   741
           D:5 |       0 |     658 |   0.0 |       0 |      25 |   0.0 |   789
               +---------+---------+-------+---------+---------+-------+---------
